 Dungeon Crawl Stone Soup version 0.23.2-1-ga50397a (webtiles) character file.

Game seed: 2473432889550259654

408 Boartato the Conjurer (level 7, -1/41 HPs)
             Began as a Kobold Conjurer on May 31, 2019.
             Slain by an ice beast (3 damage)
             ... on level 5 of the Dungeon.
             The game lasted 00:14:41 (3787 turns).

Boartato the Conjurer (Kobold Conjurer)             Turns: 3787, Time: 00:14:42

Health: -1/41      AC:  4    Str:  5    XL:     7   Next: 13%
Magic:  8/12       EV: 17    Int: 18    God:
Gold:   345        SH:  0    Dex: 20    Spells: 5/12 levels left

rFire    . . .     SeeInvis .   h - +0 dagger
rCold    . . .     Gourm    .   (shield restricted)
rNeg     . . .     Faith    .   a - +0 robe
rPois    .         Spirit   .   (no helmet)
rElec    .         Reflect  .   (no cloak)
rCorr    .         Harm     .   (no gloves)
MR       .....                  (no boots)
Stlth    +++.......             (no amulet)
HPRegen  0.13/turn              (no ring)
MPRegen  0.13/turn              (no ring)

@: flying
A: small, iridescent scales 1, thin skeletal structure 1, agile 1, carnivore,
wild magic 1
a: no special abilities


You were on level 5 of the Dungeon.
You were full.

You visited 1 branch of the dungeon, and saw 5 of its levels.
You also visited: Ossuary.

You collected 345 gold pieces.

Inventory:

Hand Weapons
 h - a +0 dagger (weapon)
Armour
 a - a +0 robe (worn)
Jewellery
 d - an uncursed ring of poison resistance {unknown}
 e - an uncursed ring of magical power {unknown}
Scrolls
 f - a scroll of random uselessness {unknown}
 o - a scroll of remove curse {unknown}
 p - a scroll of identify
 q - a scroll of enchant armour {unknown}
 r - a scroll of immolation {unknown}
 s - a scroll of enchant weapon {unknown}
Potions
 b - 3 potions of brilliance
 i - a potion of experience {unknown}
 j - a potion of might {unknown}
 k - a potion of cancellation {unknown}
 l - a potion of flight
 m - a potion of magic
 n - 2 potions of ambrosia {unknown}
 t - a potion of lignification {unknown}
 u - a potion of invisibility {unknown}
 v - a potion of haste {unknown}
Comestibles
 c - 5 rations
 w - a chunk of flesh


   Skills:
 * Level 3.0 Fighting
 - Level 0.5 Short Blades
 + Level 3.6 Dodging
 + Level 4.2 Stealth
 + Level 3.3 Spellcasting
 + Level 5.6 Conjurations
 + Level 1.6 Hexes


You had 5 spell levels left.
You knew the following spells:

 Your Spells              Type           Power        Failure   Level  Hunger
a - Magic Dart            Conj           ####         3%          1    None
b - Dazzling Spray        Conj/Hex       ###...       16%         3    ###....
c - Searing Ray           Conj           ####..       4%          2    ##.....
d - Confusing Touch       Hex            ##....       13%         1    None

Your spell library contained the following spells:

 Spells                   Type           Power        Failure   Level  Hunger
 Iskenderun's Mystic Bla  Conj           ####....     22%         4    ####...
 Confuse                  Hex            ##......     32%         3    ###....
 Fulminant Prism          Conj/Hex       ###.......   43%         4    ####...
 Gell's Gravitas          Tloc           #.........   52%         3    ###....
 Force Lance              Conj/Tloc      ###.....     54%         4    ####...
 Petrify                  Tmut/Erth      #.......     88%         4    ####...
 Metabolic Englaciation   Hex/Ice        #.........   98%         5    ######.
 Yara's Violent Unravell  Hex/Tmut       #.........   98%         5    ######.


Dungeon Overview and Level Annotations

Branches:
Dungeon (6/15)
 Temple: D:4-7

Altars:
Trog
Yredelemnul

Annotations:
D:5 Prince Ribbit


Innate Abilities, Weirdness & Mutations

You are small and have problems with some larger weapons.
You are carnivorous and can eat meat at any time.
You are partially covered in iridescent scales. (AC +2)
You have a somewhat thin skeletal structure. (Dex +2, Stealth)
You are agile. (Dex +2)
Your spells are a little harder to cast, but a little more powerful.


Message History

You feel very buoyant.
You fly up into the air.
The ice beast closely misses you.
It was a potion of magic.
Magic courses through your body. The ice beast closely misses you.
Casting: Searing Ray (safe; 4% risk of failure)
Confirm with . or Enter, or press ? or * to list all spells.
Aiming: Searing Ray (safe; 4% risk of failure)
Press: ? - help, Shift-Dir - straight line, f/p - ice beast
Aim: an ice beast (lightly wounded)
The searing ray hits the ice beast.
The ice beast is moderately wounded. (Press . to maintain the ray.)
The ice beast hits you. The ice beast freezes you!
The searing ray misses the ice beast.
The ice beast hits you. The ice beast freezes you!
* * * LOW HITPOINT WARNING * * *
The searing ray hits the ice beast.
The ice beast is heavily wounded.
The ice beast hits you.
You die...

.............#
##.###.#.#########
.............# #.#
#.#.........#
.............####.#
#.#########..
......÷........##.###.# ###
............##.....##.# #.
###∩########.......##.## ##.
#.# #...........########..
###.### #.....................
#.....## #...Y@......######.###
8.....8# #..>..#.##.## #.# #
#.....## #.....#.##.# #.# #
############.....#..#.# ###.# #
....................#.#####...#
#
########.........#......)...###
# ############...#######
#.......# #.......#


You could see an ice beast.

Vanquished Creatures
  A black bear (D:5)
  A howler monkey (D:5)
  A crimson imp (D:5)
  2 worker ants (D:5)
  8 mummies (Ossuary)
  3 adders (D:2)
  2 shadow imps
  An ooze (D:3)
  A dart slug (D:1)
  A leopard gecko (D:1)
  An orc (D:5)
  A giant cockroach (D:1)
  4 goblins
  4 hobgoblins
  A bat (D:1)
  11 frilled lizards
  A gnoll zombie (Ossuary)
  3 hobgoblin zombies (Ossuary)
  5 kobolds
  3 kobold zombies (Ossuary)
  An orc zombie (Ossuary)
  11 rats
67 creatures vanquished.

Notes
Turn   | Place    | Note
-------+----------+-------------------------------------------
     0 | D:1      | Boartato the Kobold Conjurer began the quest for the Orb.
     0 | D:1      | Reached XP level 1. HP: 10/10 MP: 3/3
   286 | D:1      | Reached XP level 2. HP: 15/15 MP: 0/5
   747 | D:1      | Reached XP level 3. HP: 19/19 MP: 4/6
  1762 | D:2      | Reached XP level 4. HP: 24/24 MP: 5/7
  1892 | D:3      | Reached skill level 5 in Conjurations
  2235 | D:2      | Gained mutation: Your spells are a little harder to cast,
                  | but a little more powerful. [potion of mutation]
  2235 | D:2      | Gained mutation: You are somewhat resistant to further
                  | mutation. [potion of mutation]
  2236 | D:2      | Lost mutation: Your spells are a little harder to cast, but
                  | a little more powerful. [potion of mutation]
  2236 | D:2      | Lost mutation: You are somewhat resistant to further
                  | mutation. [potion of mutation]
  2236 | D:2      | Gained mutation: You are frail. (-10% HP) [potion of
                  | mutation]
  2236 | D:2      | Gained mutation: You are partially covered in iridescent
                  | scales. (AC +2) [potion of mutation]
  2236 | D:2      | Gained mutation: You have a somewhat thin skeletal
                  | structure. (Dex +2, Stealth) [potion of mutation]
  2237 | D:2      | Lost mutation: You are frail. (-10% HP) [potion of
                  | mutation]
  2237 | D:2      | Gained mutation: You are agile. (Dex +2) [potion of
                  | mutation]
  2237 | D:2      | Gained mutation: Your spells are a little harder to cast,
                  | but a little more powerful. [potion of mutation]
  2298 | D:3      | You fall through a shaft for 3 floors!
  2298 | D:6      | Found a bloodstained altar of Trog.
  2470 | D:6      | Found a bloodstained altar of Trog.
  2483 | D:5      | Entered Level 5 of the Dungeon
  2490 | D:6      | Learned a level 3 spell: Dazzling Spray
  2493 | D:6      | Learned a level 2 spell: Searing Ray
  2495 | D:6      | Learned a level 1 spell: Confusing Touch
  2618 | D:5      | Found a basalt altar of Yredelemnul.
  2640 | D:5      | Reached skill level 1 in Fighting
  2640 | D:5      | Reached XP level 5. HP: 29/29 MP: 4/9
  2797 | D:5      | Found a sand-covered staircase.
  2821 | Ossuary  | Entered an ossuary
  3141 | Ossuary  | Reached XP level 6. HP: 35/35 MP: 2/10
  3267 | Ossuary  | Reached skill level 1 in Hexes
  3657 | D:5      | Noticed a black bear
  3692 | D:5      | Noticed Prince Ribbit
  3750 | D:5      | Noticed an ogre
  3762 | D:5      | Noticed an ice beast
  3776 | D:5      | Killed a black bear
  3776 | D:5      | Reached XP level 7. HP: 36/41 MP: 3/12
  3786 | D:5      | HP: 2/41 [ice beast (12)]
  3787 | D:5      | Slain by an ice beast

Skill      XL: |  1  2  3  4  5  6 |
---------------+-------------------+-----
Conjurations   | 5 |  5.6
Stealth        | 3 4 |  4.2
Fighting       | 1 3 |  3.0
Dodging        | 3 |  3.6
Spellcasting   | 3 |  3.3
Hexes          | 1 |  1.6
Short Blades   | |  0.5

Action                   |  1- 3 |  4- 6 |  7- 9 || total
-------------------------+-------+-------+-------++-------
Melee: Dagger            |     2 |    14 |       ||    16
 Cast: Magic Dart        |    66 |    53 |       ||   119
       Searing Ray       |       |    14 |     3 ||    17
  Use: Potion            |       |     5 |     3 ||     8
       Scroll            |       |     3 |       ||     3
  Eat: Chunk             |    12 |     3 |       ||    15
Armor: Robe              |     1 |     2 |       ||     3
Dodge: Dodged            |     5 |    28 |     5 ||    38
